 Dungeon Crawl Stone Soup version 0.22.1-1-ga44c0e56f4 (webtiles) character file.

487 uaBArt the Magician (level 7, -19/43 HPs)
             Began as an Octopode Wizard on Sept 21, 2018.
             Demolished by an orc warrior
             ... wielding a +0 flail
              (21 damage)
             ... on level 4 of the Dungeon.
             The game lasted 00:22:33 (4822 turns).

uaBArt the Magician (Octopode Wizard)               Turns: 4822, Time: 00:22:34

Health: -19/43     AC:  1    Str:  7    XL:     7   Next: 13%
Magic:  14/14      EV: 14    Int: 22    God:
Gold:   336        SH:  0    Dex: 10    Spells: 10/15 levels left

rFire    . . .     SeeInvis .   M - +6 dire flail (crush)
rCold    . . .     Gourm    .   (shield currently unavailable)
rNeg     . . .     Faith    .   a - +0 hat
rPois    +         Spirit   .   (no amulet)
rElec    .         Reflect  .   s - ring of poison resistance
rCorr    .         Harm     .   (no ring)
MR       .....                  (no ring)
Stlth    +++.......             (no ring)
HPRegen  0.14/turn              (no ring)
MPRegen  0.14/turn              (no ring)
                                (no ring)
                                (no ring)

@: no status effects
A: almost no armour, stealthy swim, amphibious, 8 rings, constrict 8, camouflage
1, gelatinous body 1
a: no special abilities


You were on level 4 of the Dungeon.
You were not hungry.

You visited 1 branch of the dungeon, and saw 5 of its levels.

You collected 336 gold pieces.

Inventory:

Hand Weapons
 f - a +0 short sword
 h - a +1 dagger of draining
 l - a +0 dagger
 v - a +0 dagger
 y - a +3 dagger
 A - a +0 dagger
 B - a +0 hunting sling
 C - a +0 dagger
 F - a +0 hand axe of freezing
 G - a +0 dagger
 H - a +0 short sword
 I - a +0 dagger
 L - a +0 arbalest
 M - a +6 dire flail of crushing (weapon)
Missiles
 b - 136 stones (quivered)
 k - 20 poisoned needles
 q - 47 arrows
 w - 22 sling bullets
 E - 15 bolts
Armour
 a - a +0 hat (worn)
 D - a cursed +0 ring mail
Jewellery
 s - a ring of poison resistance (left tentacle)
Wands
 r - a wand of scattershot (4)
Scrolls
 m - a scroll of teleportation {unknown}
 n - 6 scrolls of identify {unknown}
 p - a scroll of fog {unknown}
 u - a scroll of amnesia {unknown}
 x - 2 scrolls of blinking {unknown}
 J - 2 scrolls of remove curse {unknown}
Potions
 d - a potion of lignification {unknown}
 e - 2 potions of flight {unknown}
 g - 2 potions of magic {unknown}
 i - 2 potions of might {unknown}
 j - 3 potions of brilliance
 o - a potion of mutation {unknown}
 z - 3 potions of agility {unknown}
 K - a potion of degeneration {unknown}
Comestibles
 c - 7 rations


   Skills:
 + Level 1.5 Fighting
 + Level 2.0 Short Blades
 + Level 0.1 Maces & Flails
 + Level 0.8 Throwing
 + Level 3.2 Dodging
 + Level 3.5 Stealth
 - Level 1.1 Unarmed Combat
 + Level 4.8 Spellcasting
 + Level 3.0 Conjurations
 + Level 1.7 Summonings
 + Level 1.1 Translocations


You had 10 spell levels left.
You knew the following spells:

 Your Spells              Type           Power        Failure   Level  Hunger
a - Magic Dart            Conj           ###.         3%          1    None
b - Blink                 Tloc           N/A          10%         2    None
c - Call Imp              Summ           ##......     8%          2    None

Your spell library contained the following spells:

 Spells                   Type           Power        Failure   Level  Hunger
 Slow                     Hex            #.......     16%         2    None
 Conjure Flame            Conj/Fire      ##......     17%         3    ##.....
 Mephitic Cloud           Conj/Pois/Air  #.......     21%         3    ##.....


Dungeon Overview and Level Annotations

Branches:
Dungeon (5/15)
 Temple: D:4-7

Altars:
Ashenzari
Cheibriados
Okawaru
Xom
Yredelemnul

Shops:
D:4 (


Innate Abilities, Weirdness & Mutations

You cannot wear most types of armour.
You are very stealthy in the water. (Stealth+)
You are amphibious.
You can wear up to eight rings at the same time.
You can use your tentacles to constrict eight enemies at once.
Your skin changes colour to match your surroundings (Stealth+).
Your rubbery body absorbs attacks. (AC +1, EV +1)


Message History

You puncture the orc warrior! Your grab misses the orc warrior.
The orc warrior is heavily wounded.
The orc warrior misses you.
You barely miss the orc warrior. Your grab misses the orc warrior.
The orc warrior is heavily wounded.
The orc warrior completely misses you. The orc warrior hits you with a flail!
You closely miss the orc warrior. You grab the orc warrior.
The orc warrior is heavily wounded.
You constrict the orc warrior, but do no damage.
The orc warrior hits you with a flail!!
Ouch! That really hurt!
* * * LOW HITPOINT WARNING * * *
Unknown command.
There are monsters nearby!
Okay, then.
You release your grip on the orc warrior.
You climb upwards.
There is a stone staircase leading down here.
The orc warrior hits you with a flail!!
You die...

# #.#.#.#.##...##.#.#.#.##
######.#...#......##.......#
....##.###.#####..##########
###.##.# #.# #..# ###.##.#
#.#####..# .......# #........#
###.##.# #.######.#
###.##.###.######o#
................@.##########
....##.###.#####..#<.......#
###.##.# #.# #..########.#
....##.###.#####..# #.# #.#
..............##..# #.# #.#
###.#..#......##..###.####.#####
# #.#..##.....##...............#
###.#..##..#####.####.##...#####
##..........................#


You could see an orc warrior.

Vanquished Creatures
  Edmund (D:4)
  A howler monkey (D:4)
  A hound (D:5)
  An orc priest (D:4)
  A centaur skeleton (D:4)
  An orc wizard (D:4)
  3 worker ants
  8 adders
  An ooze (D:1)
  2 worms (D:3)
  A dart slug (D:1)
  3 leopard geckos
  10 orcs
  A ball python (D:1)
  5 giant cockroaches
  3 goblins
  6 hobgoblins
  2 jackals (D:2)
  6 kobolds
  3 quokkas
  4 bats
  4 frilled lizards
  9 rats
77 creatures vanquished.

Vanquished Creatures (collateral kills)
  A jelly (D:5)
  An adder (D:4)
  2 orcs (D:4)
4 creatures vanquished.

Grand Total: 81 creatures vanquished

Notes
Turn   | Place    | Note
-------+----------+-------------------------------------------
     0 | D:1      | uaBArt the Octopode Wizard began the quest for the Orb.
     0 | D:1      | Reached XP level 1. HP: 11/11 MP: 4/4
   348 | D:1      | Reached XP level 2. HP: 10/17 MP: 1/6
   647 | D:1      | Reached XP level 3. HP: 16/21 MP: 0/8
  1657 | D:2      | Reached skill level 1 in Unarmed Combat
  1712 | D:2      | Found an iron altar of Okawaru.
  1718 | D:2      | Reached XP level 4. HP: 27/27 MP: 0/9
  2066 | D:3      | Learned a level 2 spell: Blink
  2069 | D:3      | Learned a level 2 spell: Call Imp
  2121 | D:4      | HP: 1/27 [adder (3)]
  2150 | D:4      | Reached skill level 4 in Spellcasting
  2150 | D:4      | Reached XP level 5. HP: 19/31 MP: 0/11
  2531 | D:3      | Found a shimmering altar of Xom.
  2869 | D:4      | Reached XP level 6. HP: 19/37 MP: 5/12
  3154 | D:4      | Found a snail-covered altar of Cheibriados.
  3164 | D:4      | Found Voastou's Antique Weapon Shoppe.
  3275 | D:4      | Found a shattered altar of Ashenzari.
  3489 | D:4      | Noticed Edmund
  3523 | D:4      | Killed Edmund
  3523 | D:4      | Reached skill level 1 in Fighting
  3523 | D:4      | Reached skill level 1 in Short Blades
  4090 | D:5      | Entered Level 5 of the Dungeon
  4091 | D:5      | Found a basalt altar of Yredelemnul.
  4192 | D:5      | Reached XP level 7. HP: 16/43 MP: 7/14
  4499 | D:5      | HP: 2/43 [orc/tomahawk (6)]
  4517 | D:5      | HP: 1/43 [orc/enchanted flail (5)]
  4819 | D:5      | HP: 2/43 [orc warrior/flail (22)]
  4822 | D:4      | Demolished by an orc warrior

Skill      XL: |  1  2  3  4  5  6 |
---------------+-------------------+-----
Stealth        | 3 |  3.5
Unarmed Combat | 1 |  1.1
Conjurations   | 2 3 |  3.0
Spellcasting   | 4 |  4.8
Dodging        | 3 |  3.2
Fighting       | 1 |  1.5
Short Blades   | 2 |  2.0
Maces & Flails | |  0.1
Throwing       | |  0.8
Summonings     | |  1.7
Translocations | |  1.1

Action                   |  1- 3 |  4- 6 |  7- 9 || total
-------------------------+-------+-------+-------++-------
Melee: Unarmed           |    18 |       |       ||    18
       Constrict         |     8 |    23 |     5 ||    36
       Tentacles         |     6 |    12 |     2 ||    20
       Short sword       |     9 |       |       ||     9
       Dagger            |     6 |    76 |       ||    82
       Dire flail        |       |     9 |    11 ||    20
Throw: Stone             |    16 |       |       ||    16
 Cast: Magic Dart        |    81 |    63 |    14 ||   158
       Call Imp          |       |    12 |     2 ||    14
       Blink             |       |     2 |     3 ||     5
  Use: Potion            |       |     6 |     1 ||     7
 Stab: Sleeping          |     2 |       |       ||     2
  Eat: Chunk             |     2 |     8 |     2 ||    12
Armor: Skin              |     4 |     6 |       ||    10
Dodge: Dodged            |    31 |    69 |    12 ||   112
